 Dungeon Crawl Stone Soup version 0.25-a0-663-gace7076f2c (webtiles) character file.

Game seed: 5623722269368653243, levelgen mode: deterministic

7 kae the Insei (level 1, -1/15 HPs)
             Began as a Demonspawn Transmuter on Mar 24, 2020.
             Hit by a boomerang thrown by a gnoll (5 damage)
             ... on level 1 of the Dungeon.
             The game lasted 00:00:48 (763 turns).

kae the Insei (Demonspawn Transmuter)                Turns: 763, Time: 00:00:48

Health: -1/15      AC:  2    Str: 10    XL:     1   Next: 91%
Magic:  3/3        EV: 12    Int: 14    God:
Gold:   0          SH:  0    Dex: 13    Spells: 3/4 levels left

rFire    . . .     SeeInvis .     - Unarmed
rCold    . . .     Gourm    .   (no shield)
rNeg     . . .     Faith    .   b - +0 robe
rPois    .         Spirit   .   (no helmet)
rElec    .         Reflect  .   (no cloak)
rCorr    .         Harm     .   (no gloves)
MR       .....                  (no boots)
Stlth    +.........             (no amulet)
HPRegen  0.05/turn              (no ring)
MPRegen  0.08/turn              (no ring)

@: no status effects
A: no striking features
a: no special abilities


You were on level 1 of the Dungeon.
You were not hungry.

You visited 1 branch of the dungeon, and saw 1 of its levels.

Inventory:

Missiles
 a - 12 arrows
Armour
 b - a +0 robe (worn)
 g - a +0 cloak
Jewellery
 f - a cursed ring of teleportation {unknown}
Potions
 e - a potion of magic {unknown}
Comestibles
 c - a chunk of flesh
 d - a ration


   Skills:
 - Level 1.0 Fighting
 - Level 1.7 Dodging
 * Level 3.0 Unarmed Combat
 + Level 2.1 Spellcasting
 + Level 1.9 Transmutations


You had 3 spell levels left.
You knew the following spells:

 Your Spells              Type           Power        Failure   Level  Hunger
a - Beastly Appendage     Tmut           #.....       11%         1    #......

Your spell library contained the following spells:

 Spells                   Type           Power        Failure   Level  Hunger
 Sticks to Snakes         Tmut           #.......     16%         2    ###....
 Spider Form              Tmut/Pois      #.........   43%         3    ###....
 Ice Form                 Ice/Tmut       #.......     83%         4    #####..
 Blade Hands              Tmut           #.........   96%         5    ######.


Dungeon Overview and Level Annotations

Branches:
Dungeon (1/15)

Altars:


Message History

The weapon returns to the gnoll!
The gnoll throws a boomerang.
The boomerang barely misses you.
The weapon returns to the gnoll!
The gnoll throws a boomerang.
The boomerang closely misses you.
The weapon returns to the gnoll!
There is a shaft here.
A gnoll is nearby!
A gnoll is nearby!
You start resting.
The gnoll is too close now for your liking.
The gnoll throws a boomerang.
The boomerang hits you.
* * * LOW HITPOINT WARNING * * *
Some of the chunks of flesh in your inventory have rotted away.
There is a shaft here.
The gnoll throws a boomerang.
The boomerang closely misses you.
The weapon returns to the gnoll!
The gnoll throws a boomerang.
The boomerang barely misses you.
The weapon returns to the gnoll!
The gnoll throws a boomerang.
The boomerang hits you.
You die...

........#.##....#.......
........#.##....#.......
........#.......########
...............g...#
.......>......##...#
......##......##...#
......##...g.^##...#
......##......##...#
.#######......##@..# .#
#......##...######### .#
#...........'.......# .#
#.....###...#######.#
.#######.....###.).#######.#
...............>...........#
########.....###############
####### #####


You could see a gnoll.

Vanquished Creatures
  A bat (D:1)
  A goblin (D:1)
  2 hobgoblins (D:1)
  A kobold (D:1)
  2 rats (D:1)
7 creatures vanquished.

Notes
Turn   | Place    | Note
-------+----------+-------------------------------------------
     0 | D:1      | kae the Demonspawn Transmuter began the quest for the Orb.
     0 | D:1      | Reached XP level 1. HP: 15/15 MP: 3/3
   543 | D:1      | Reached skill level 3 in Unarmed Combat
   763 | D:1      | Hit by a boomerang thrown by a gnoll

Levels and vault maps discovered:
D:1:      minmay_arrival_plants_in_alcoves, layout_basic

Skill      XL: |  1 |
---------------+----+-----
Unarmed Combat | 3 |  3.0
Fighting       | |  1.0
Dodging        | |  1.7
Spellcasting   | |  2.1
Transmutations | |  1.9

Action                   || total
-------------------------++-------
Melee: Unarmed           ||    26
       Kick              ||     1
       Headbutt          ||     1
 Cast: Beastly Appendage ||     7
Armor: Robe              ||    11
Dodge: Dodged            ||    33

Table legend:
 A = Non-vault XP
 B = Vault XP
 C = Vault XP percentage of total XP
 D = Non-vault monster count
 E = Vault monster count
 F = Vault count percentage of total count
                 A         B        C        D         E       F
            +---------+---------+-------+---------+---------+-------
      Total |      11 |       0 |   0.0 |       7 |       0 |   0.0
            +---------+---------+-------+---------+---------+-------
        D:1 |      11 |       0 |   0.0 |       7 |       0 |   0.0
            +---------+---------+-------+---------+---------+-------
